 Dungeon Crawl Stone Soup version 0.31-a0-819-gf6de2f5ab6 (webtiles) character file.

Game seed: 16463470161943754270

158 qw the Shooter (level 5, -3/32 HPs)
             Began as a Gargoyle Hunter on Sept 23, 2023.
             Hit by a boomerang thrown by an orc (5 damage)
             ... on level 3 of the Dungeon.
             The game lasted 00:00:49 (1613 turns).

qw the Shooter (Gargoyle Hunter)                    Turns: 1613, Time: 00:00:49

Health: -3/32      AC: 10    Str: 15    XL:     5   Next: 40%
Magic:  5/5        EV: 11    Int:  9    God:
Gold:   120        SH:  0    Dex: 15    Spells: 4/4 levels left

rFire   . . .        Y - +0 shortbow
rCold   . . .        (shield currently unavailable)
rNeg    + . .        g - +0 ring mail
rPois   inf          (no helmet)
rElec   +            (no cloak)
rCorr   +            h - +0 pair of gloves
SInv    .            (no boots)
Will    .....        (no amulet)
Stlth   +            d - ring of resist corrosion
HPRegen 0.25/turn    (no ring)
MPRegen 0.09/turn

%: no passive effects
@: no status effects
A: sickness immunity, AC +4, negative energy resistance 1, electricity
resistance, torment resistance 1, petrification resistance
a: no special abilities


You were on level 3 of the Dungeon.
You visited 1 branch of the dungeon, and saw 3 of its levels.

You collected 120 gold pieces.


Innate Abilities, Weirdness & Mutations

You are immune to sickness and miasma.
Your stone body is resilient. (AC +4)
You are immune to poison.
You resist negative energy. (rN+)
You are resistant to electric shocks. (rElec)
You are resistant to unholy torment.
You are immune to petrification.


   Skills:
 + Level 3.0 Fighting
 - Level 6.0 Ranged Weapons
 - Level 1.1 Armour
 - Level 1.5 Dodging
 - Level 1.1 Stealth


You had 4 spell levels left.
You didn't know any spells.
Your spell library was empty.

Inventory:

Hand Weapons
 Y - a +0 shortbow (weapon)
Armour
 g - a +0 ring mail (worn)
 h - a +0 pair of gloves (worn)
 m - the +0 helmet of the Eye-covered God {Int+3}
   (You found it on level 3 of the Dungeon)

   Int+3:     It affects your intelligence (+3).
 n - a +2 robe
Jewellery
 d - a ring of resist corrosion (left hand)
Scrolls
 c - 4 scrolls of identify
 i - a scroll of fog {unknown}
 k - a scroll of immolation {unknown}
 l - a scroll of brand weapon {unknown}
Potions
 b - 2 potions of curing
 e - a potion of might
 f - a potion of enlightenment {unknown}
 j - a potion of magic {unknown}

Dungeon Overview and Level Annotations

Branches:
Dungeon (3/15)

Altars:


Message History

Ijyb is severely wounded.
The orc hits you with a +0 mace. Ijyb barely misses you.
The orc hits you with a +0 dagger.
1598 ||| READING scroll of teleportation.
As you read the scroll of teleportation, it crumbles to dust.
You feel strangely unstable. The orc barely misses you.
Ijyb completely misses you. The orc hits you but does no damage.
You shoot an arrow. The arrow hits Ijyb but does no damage.
Ijyb is severely wounded.
The orc hits you with a +0 mace. Ijyb hits you but does no damage.
The orc misses you.
You shoot an arrow. The arrow closely misses Ijyb.
The orc hits you with a +0 mace. Ijyb hits you but does no damage.
The orc closely misses you.
You shoot an arrow. The arrow hits Ijyb!
You kill Ijyb!
Your surroundings suddenly seem different.
Found 4 gold pieces.
Found a faded altar of an unknown god.
Your Ranged Weapons skill increases to level 6!
You start resting.
An orc is nearby!
You shoot an arrow. The arrow closely misses the orc.
You start resting.
There are monsters nearby!
You shoot an arrow. The arrow hits the orc.
The orc is lightly wounded.
You shoot an arrow. The arrow barely misses the orc.
The orc throws a boomerang.
The boomerang hits you but does no damage.
You shoot an arrow. The arrow closely misses the orc.
You shoot an arrow. The arrow closely misses the orc.
The orc closely misses you.
You shoot an arrow. The arrow barely misses the orc.
The orc hits you with a +0 mace.
You shoot an arrow. The arrow hits the orc.
The orc is almost dead.
The orc hits you but does no damage.
The orc throws a boomerang.
The boomerang hits you.
You die...

######
#....#
#....#
#....##
#.....#####
#..........
#..@.#
..###
#..o.# ...
###.#.. ###
#..o$$~ #..
##..~_$..
#####.#
..~~~..
#......
#......
...####.
##.### #.
##..# ###.


You could see 2 orcs.

Vanquished Creatures
  Jessica (D:3)
  Ijyb (D:3)
  5 adders
  A dart slug (D:1)
  9 bats
  3 endoplasms
  3 giant cockroaches (D:2)
  4 goblins
  9 hobgoblins
  8 jackals
  A quokka (D:1)
  4 ball pythons
  4 frilled lizards
  A kobold (D:2)
  5 rats
59 creatures vanquished.

Notes
Turn   | Place    | Note
-------+----------+-------------------------------------------
     0 | D:1      | qw the Gargoyle Hunter began the quest for the Orb.
     0 | D:1      | Reached XP level 1. HP: 12/12 MP: 1/1
     0 | D:1      | 0 ||| qw: Version: 0.3-a-83-gcd0e7d8
     0 | D:1      | 0 ||| qw: Game counter: 1687
     0 | D:1      | 0 ||| qw: Melee chars always use a shield: true
     0 | D:1      | 0 ||| qw: God list: Okawaru
     0 | D:1      | 0 ||| qw: Allow faded altars: false
     0 | D:1      | 0 ||| qw: Do Orc after clearing Dungeon:15 true
     0 | D:1      | 0 ||| qw: Do second Lair branch before Depths: true
     0 | D:1      | 0 ||| qw: Lair rune preference: random
     0 | D:1      | 0 ||| qw: Goals: Normal
     0 | D:1      | 0 ||| PLANNING D:1-11
    93 | D:1      | Reached XP level 2. HP: 17/17 MP: 2/2
   485 | D:1      | Reached XP level 3. HP: 21/21 MP: 3/3
   593 | D:1      | 593 ||| UPGRADING to +0 ring mail.
   603 | D:1      | 603 ||| DROPPING +0 leather armour.
   604 | D:1      | 604 ||| UPGRADING to +0 pair of gloves.
   609 | D:1      | 609 ||| UPGRADING to ring of resist corrosion.
   610 | D:1      | 610 ||| READING 2 scrolls labelled CEIN MAASYSIERO.
   613 | D:1      | 613 ||| READING scroll labelled ELUPPAKUKH.
   614 | D:1      | 614 ||| DROPPING scroll of butterflies.
   761 | D:2      | Reached skill level 1 in Armour
   838 | D:2      | Reached skill level 5 in Ranged Weapons
   894 | D:2      | Reached skill level 3 in Fighting
   894 | D:2      | Reached XP level 4. HP: 28/28 MP: 4/4
  1292 | D:2      | 1292 ||| DROPPING ring of flight.
  1293 | D:2      | 1293 ||| READING 4 scrolls labelled QOCKOR WIEJUY.
  1294 | D:2      | 1294 ||| DRINKING 2 purple potions.
  1295 | D:2      | 1295 ||| DRINKING 2 dark potions.
  1317 | D:3      | 1317 ||| STAIRDANCE
  1329 | D:3      | 1329 ||| STAIRDANCE
  1375 | D:3      | 1375 ||| STAIRDANCE
  1535 | D:3      | Identified the +0 helmet of the Eye-covered God {Int+3}
  1566 | D:3      | Noticed Jessica
  1570 | D:3      | Killed Jessica
  1571 | D:3      | Reached XP level 5. HP: 32/32 MP: 5/5
  1580 | D:3      | Noticed Ijyb
  1597 | D:3      | HP: 6/32 [orc/+0 mace (5)]
  1598 | D:3      | 1598 ||| READING scroll of teleportation.
  1600 | D:3      | HP: 1/32 [orc/+0 mace (3)]
  1601 | D:3      | Killed Ijyb
  1601 | D:3      | Found a faded altar of an unknown god.
  1602 | D:3      | Reached skill level 6 in Ranged Weapons
  1612 | D:3      | HP: 2/32 [orc/+0 mace (2)]
  1613 | D:3      | Hit by a boomerang thrown by an orc

Levels and vault maps discovered:
D:1:      matt_arrival_grand_opening, layout_loops_ring,
          hangedman_feature_mirror, minmay_tiny_reverse_x
D:2:      layout_basic, minivault_11
D:3:      layout_rooms, hellmonk_ecumenical_altar_pennies_from_heaven,
          uniq_jessica, uniq_crazy_yiuf_cottage, uniq_ijyb

Skill      XL: |  1  2  3  4  5 |
---------------+----------------+-----
Armour         | 1 |  1.1
Ranged Weapons | 5 6 |  6.0
Fighting       | 3 |  3.0
Dodging        | |  1.5
Stealth        | |  1.1

Action                     |  1- 3 |  4- 6 || total
---------------------------+-------+-------++-------
   Fire: Shortbow          |   100 |   101 ||   201
    Use: Scroll            |     2 |     2 ||     4
         Potion            |       |     2 ||     2
 Armour: Leather armour    |    10 |       ||    10
         Ring mail         |    19 |    62 ||    81
  Dodge: Dodged            |    29 |    60 ||    89

Table legend:
 A = Non-vault XP
 B = Vault XP
 C = Vault XP percentage of total XP
 D = Non-vault monster count
 E = Vault monster count
 F = Vault count percentage of total count
                 A         B        C        D         E       F
            +---------+---------+-------+---------+---------+-------
      Total |     146 |      81 |  35.7 |      53 |       6 |  10.2
            +---------+---------+-------+---------+---------+-------
        D:1 |      27 |       9 |  25.0 |      17 |       4 |  19.0
        D:2 |      73 |       0 |   0.0 |      23 |       0 |   0.0
        D:3 |      46 |      72 |  61.0 |      13 |       2 |  13.3
            +---------+---------+-------+---------+---------+-------
